 Dungeon Crawl Stone Soup version 0.28-a0-1080-g05a166d0ed (webtiles) character file.

Game seed: 12659464318206540887

202 tsouns the Cutter (level 5, -1/41 HPs)
             Began as a Demonspawn Brigand on Dec 10, 2021.
             Was a Believer of Uskayaw.
             Slain by an iguana (9 damage)
             ... on level 3 of the Dungeon.
             The game lasted 00:05:35 (4582 turns).

tsouns the Cutter (Demonspawn Brigand)              Turns: 4582, Time: 00:05:35

Health: -1/41      AC: 10    Str: 11    XL:     5   Next: 50%
Magic:  6/6        EV: 11    Int: 15    God:    Uskayaw [**....]
Gold:   139        SH:  0    Dex: 14    Spells: 4/4 levels left

rFire   . . .      SeeInvis .   u - +1 dagger (protect)
rCold   . . .      Faith    .   (no shield)
rNeg    . . .      Spirit   .   b - +0 robe
rPois   .          Reflect  .   (no helmet)
rElec   .          Harm     .   c - +0 cloak
rCorr   .          Rampage  .   (no gloves)
Will    .....                   (no boots)
Stlth   ++........              (no amulet)
HPRegen 0.13/turn               (no ring)
MPRegen 0.10/turn               (no ring)

@: under a protective aura
A: claws 2, demonic guardian 2
a: Renounce Religion, Stomp, Line Pass


You were on level 3 of the Dungeon.
You worshipped Uskayaw.
Uskayaw was noncommittal.
You visited 1 branch of the dungeon, and saw 4 of its levels.

You collected 139 gold pieces.

Inventory:

Hand Weapons
 a - a +2 dagger
 u - a +1 dagger of protection (weapon)
Missiles
 d - 24 poisoned darts (quivered)
 e - 2 curare-tipped darts
 h - 5 javelins
Armour
 b - a +0 robe (worn)
 c - a +0 cloak (worn)
Jewellery
 f - a ring of ice
Wands
 t - a wand of acid (10)
Scrolls
 j - 3 scrolls of fear {unknown}
 m - a scroll of blinking {unknown}
 n - 2 scrolls of noise {unknown}
 p - a scroll of immolation {unknown}
 r - 3 scrolls of magic mapping {unknown}
 s - a scroll of teleportation {unknown}
Potions
 g - 2 potions of cancellation {unknown}
 i - a potion of curing {unknown}
 k - 2 potions of flight {unknown}
 l - a potion of degeneration {unknown}
 o - a potion of brilliance {unknown}
 q - a potion of mutation {unknown}


   Skills:
 + Level 3.6 Fighting
 + Level 4.1 Short Blades
 - Level 1.7 Throwing
 - Level 0.8 Dodging
 - Level 3.6 Stealth
 * Level 2.2 Invocations


You had 4 spell levels left.
You didn't know any spells.
Your spell library was empty.

Dungeon Overview and Level Annotations

Branches:
Dungeon (4/15)
 Temple: D:4-7

Altars:
Uskayaw
Zin


Innate Abilities, Weirdness & Mutations

You have very sharp fingernails.
A demonic guardian rushes to your aid.


Message History

The iguana is lightly wounded.
The iguana misses you. The iguana bites you.
A demonic guardian appears!
You climb upwards.
There is a stone staircase leading down here.
You barely miss the iguana.
The iguana is lightly wounded.
The iguana barely misses you.
You completely miss the iguana.
The iguana is lightly wounded.
You barely miss the iguana.
The iguana is lightly wounded.
The iguana barely misses you.
You hit the iguana.
Your weapon exudes an aura of protection.
The iguana is moderately wounded.
The iguana barely misses you.
You hit the iguana but do no damage.
The iguana is moderately wounded.
The iguana bites you but does no damage.
You closely miss the iguana.
The iguana is moderately wounded.
You hit the iguana.
The iguana is moderately wounded.
The iguana barely misses you.
You hit the iguana but do no damage.
The iguana is moderately wounded.
The iguana bites you!
You hit the iguana but do no damage.
The iguana is moderately wounded.
The iguana completely misses you.
You barely miss the iguana.
The iguana is moderately wounded.
The iguana bites you.
* * * LOW HITPOINT WARNING * * *
A demonic guardian appears!
You hit the iguana but do no damage.
The iguana is moderately wounded.
The iguana bites you!
You die...

..............##.#
....#........###.#
....#........# #.#
....#........# #.#
....#........# #.#
######...##### #.#
)........# #.#
##.......# #l# #....#.##
#@# #....#.# #4#######
#....#.# #.......#
#....#.##############)#
#....#.............##.#
##....#############.##.#
....................##.#
......######.#########.#
..........##.##.######.#


You could see an iguana (ally target) and a friendly hellwing (summoned).

Vanquished Creatures
  A hound (D:4)
  An iguana (D:3)
  5 adders
  A shadow imp (D:3)
  A worm (D:2)
  2 dart slugs
  6 orcs (D:3)
  5 ball pythons
  7 endoplasms
  3 giant cockroaches
  4 goblins
  4 hobgoblins
  5 kobolds
  A quokka (D:2)
  9 bats
  4 frilled lizards
  7 rats
66 creatures vanquished.

Vanquished Creatures (collateral kills)
  An adder (D:2)
  A worm (D:3)
  An orc (D:2)
  A kobold (D:2)
4 creatures vanquished.

Vanquished Creatures (others)
  2 fungi (D:1)
  A plant (D:1)
3 creatures vanquished.

Grand Total: 73 creatures vanquished

Notes
Turn   | Place    | Note
-------+----------+-------------------------------------------
     0 | D:1      | tsouns the Demonspawn Brigand began the quest for the Orb.
     0 | D:1      | Reached XP level 1. HP: 16/16 MP: 1/1
    82 | D:1      | Reached skill level 2 in Short Blades
    98 | D:1      | Gained mutation: A weak demonic guardian rushes to your
                  | aid. [demonic ancestry]
    98 | D:1      | Reached XP level 2. HP: 14/22 MP: 2/2
   359 | D:1      | Found a faded altar of an unknown god.
   493 | D:1      | Prayed at the altar of an unknown god.
   493 | D:1      | Became a worshipper of Uskayaw the Reveller
   493 | D:1      | Reached * piety under Uskayaw
   550 | D:1      | Reached ** piety under Uskayaw
   794 | D:1      | Gained mutation: You have sharp fingernails. [demonic
                  | ancestry]
   794 | D:1      | Reached XP level 3. HP: 28/28 MP: 3/3
  1313 | D:2      | Reached skill level 3 in Short Blades
  1842 | D:2      | Gained mutation: A demonic guardian rushes to your aid.
                  | [demonic ancestry]
  1842 | D:2      | Reached XP level 4. HP: 17/35 MP: 4/4
  2110 | D:2      | Reached skill level 1 in Invocations
  2983 | D:3      | Gained mutation: You have very sharp fingernails. [demonic
                  | ancestry]
  2983 | D:3      | Reached XP level 5. HP: 15/41 MP: 6/6
  4566 | D:4      | Reached skill level 4 in Short Blades
  4582 | D:3      | Slain by an iguana

Illustrated notes

Levels and vault maps discovered:
D:1:      dpeg_arrival_rooms_with_view, layout_basic,
          dreamdust_ecumenical_altar_grove
D:2:      layout_basic
D:3:      layout_basic, zin_statuary, hex_large
D:4:      layout_basic, minmay_circle_x

Skill      XL: |  1  2  3  4  5 |
---------------+----------------+-----
Short Blades   | 2 3 4 |  4.1
Fighting       | 3 |  3.6
Invocations    | 1 2 |  2.2
Throwing       | |  1.7
Dodging        | |  0.8
Stealth        | |  3.6

Action                   |  1- 3 |  4- 6 || total
-------------------------+-------+-------++-------
Melee: Dagger            |   120 |   172 ||   292
 Stab: Sleeping          |     4 |     3 ||     7
Armor: Robe              |    25 |    35 ||    60
Dodge: Dodged            |    60 |    85 ||   145

Table legend: (Time is in decaauts)
 A = Elapsed time spent in this place.
 B = Non-inter-level travel time spent in this place.
 C = Inter-level travel time spent in this place.
 D = Time resting spent in this place.
 E = Time spent auto-exploring this place.
 F = Levels seen in this place.
 G = Mean time per level.
                   A        B        C        D        E       F      G
               +--------+--------+--------+--------+--------+-----+--------+
         Total |   4536 |   4415 |    121 |    305 |   3445 |   4 | 1134.0 |
       Dungeon |   4536 |   4415 |    121 |    305 |   3445 |   4 | 1134.0 |
               +--------+--------+--------+--------+--------+-----+--------+

Top non-repeatable levels by time:
     D:2: 1973 daAuts
     D:3: 1391 daAuts
     D:1: 1130 daAuts
     D:4: 41 daAuts
